Map: Tuonela LE

Players

Timotis

  • Race: Terran Terran
  • Spawn Location: 5:00

Toasted

  • Race: Protoss Protoss
  • League: Diamond
  • Spawn Location: 5:00

SupplyBlocK

  • Race: Terran Terran
  • League: Grandmaster
  • Spawn Location: 3:00

VankoBG

  • Race: Protoss Protoss
  • Spawn Location: 6:00

ggwpdude

  • Race: Protoss Protoss
  • Spawn Location: 11:00

DiNight

  • Race: Protoss Protoss
  • Spawn Location: 12:00

Ivanilla

  • Race: Terran Terran
  • League: Master
  • Spawn Location: 9:00

Rigel

  • Race: Zerg Zerg
  • Spawn Location: 11:00

VOD

Have the link to the VOD?

Description

Time

  • Played on: Nov. 9, 2026, 1:30 p.m.
  • Length: 6:08
Show
View Real Time Build Order
Export as new Build Order

Timotis Terran 

Build Orders: 2 Factory, Reaper Expand, Mech 

Get SALT Encoding   

  12  0:00  SCV  
  13  0:12  SCV  
  14  0:20  Supply Depot  
  14  0:24  SCV  
  15  0:42  SCV  
  16  0:46  Barracks  
  16  0:50  Refinery  
  16  0:54  SCV  
  17  1:06  SCV  
  18  1:18  SCV  
  19  1:31  Reaper  
  19  1:32  Orbital Command  
  20  1:45  Command Center  
  20  1:55  Supply Depot  
  20  2:00  SCV  
  20  2:01  Refinery  
  21  2:07  Marine  
  22  2:15  SCV  
  23  2:16  Factory  
  23  2:27  Barracks Reactor, SCV  
  24  2:39  SCV  
  25  2:58  SCV  
  26  2:59  Orbital Command  
  25  3:13  Factory, SCV  
  25  3:16  Hellion x2  
  25  3:17  Barracks Tech Lab  
  30  3:25  SCV x2, Refinery  
  32  3:35  Engineering Bay  
  32  3:36  Supply Depot  
  32  3:37  SCV  
  32  3:40  Hellion x2  
  37  3:42  SCV  
  37  3:47  Marine  
  39  3:49  SCV  
  40  3:58  SCV  
  40  4:01  Supply Depot  
  40  4:02  SCV  
  42  4:10  Widow Mine  
  42  4:11  Widow Mine  
  42  4:16  Siege Tank  
  49  4:17  Infernal Pre-Igniter  
  49  4:18  SCV x2  
  51  4:25  Refinery  
  51  4:30  SCV x2  
  53  4:42  SCV  
  54  5:06  Siege Tank, Hellion x2  
  47  5:28  Hellion  
  49  5:29  Hellion  
  49  5:30  SCV x2  
  49  5:38  Hellion  
  41  6:03  Factory  
  41  6:04  Missile Turret  
  41  6:05  Factory, Armory  
Show
View Real Time Build Order
Export as new Build Order

Toasted Protoss 

Build Orders: 1 Gate Expand, Phoenix Opening, Mass Phoenix 

Get SALT Encoding   

  12  0:00  Probe  
  13  0:12  Probe  
  14  0:18  Pylon  
  14  0:25  Probe  
  15  0:37  Probe (Chrono Boost)  
  15  0:40  Gateway  
  16  0:47  Assimilator  
  16  0:49  Probe (Chrono Boost)  
  18  0:57  Probe (Chrono Boost)  
  18  1:03  Probe  
  19  1:15  Probe (Chrono Boost)  
  21  1:26  Probe (Chrono Boost)  
  21  1:37  Nexus  
  21  1:41  Cybernetics Core  
  21  1:43  Probe  
  22  1:49  Assimilator  
  22  1:56  Pylon  
  22  1:58  Probe  
  23  2:14  Probe  
  24  2:26  Probe (Chrono Boost)  
  25  2:36  Assimilator  
  26  2:38  Probe (Chrono Boost)  
  26  2:44  Probe (Chrono Boost)  
  26  2:49  Probe (Chrono Boost)  
  28  2:55  Stargate  
  28  2:57  Stargate  
  30  2:58  Probe (Chrono Boost)  
  30  2:59  Probe (Chrono Boost)  
  30  3:04  Probe (Chrono Boost)  
  30  3:05  Probe  
  31  3:14  Assimilator  
  31  3:16  Probe (Chrono Boost)  
  31  3:17  Probe (Chrono Boost)  
  33  3:20  Forge  
  33  3:24  Pylon  
  33  3:29  Probe (Chrono Boost)  
  35  3:34  Probe (Chrono Boost)  
  35  3:37  Probe (Chrono Boost)  
  35  3:40  Phoenix  
  35  3:41  Phoenix, Probe (Chrono Boost)  
  41  3:43  Probe  
  42  3:52  Probe  
  42  3:55  Photon Cannon  
  43  4:00  Photon Cannon  
  43  4:02  Probe  
  44  4:04  Probe  
  44  4:06  Pylon  
  45  4:10  Phoenix  
  45  4:11  Phoenix  
  49  4:43  Phoenix x2  
  53  5:08  Phoenix x2 (Chrono Boost)  
  53  5:09  Probe  
  53  5:10  Probe  
  38  5:21  Probe  
  38  5:22  Probe  
  40  5:32  Phoenix x2 (Chrono Boost)  
  40  5:33  Probe  
  40  5:34  Probe  
  46  5:45  Probe  
  46  5:46  Probe  
Show
View Real Time Build Order
Export as new Build Order

SupplyBlocK Terran 

Build Orders: Reaper Expand 

Get SALT Encoding   

  12  0:13  SCV  
  13  0:19  Supply Depot  
  13  0:25  SCV  
  14  0:37  SCV  
  15  0:44  Barracks  
  15  0:47  Refinery  
  16  0:50  SCV  
  16  1:02  SCV  
  17  1:14  SCV  
  18  1:26  SCV  
  18  1:30  Reaper  
  20  1:38  Orbital Command  
  20  1:46  Command Center  
  20  2:00  Supply Depot  
  20  2:05  SCV  
  21  2:14  Factory  
  21  2:15  Marine  
  22  2:17  SCV  
  23  2:29  SCV  
  24  2:33  Barracks Reactor  
  24  2:42  SCV  
  25  2:54  SCV, Command Center  
  25  2:58  Factory Tech Lab  
  26  3:05  Orbital Command  
  26  3:06  SCV  
  26  3:08  Refinery  
  27  3:18  SCV  
  27  3:19  Marine  
  29  3:20  Siege Tank  
  29  3:25  Marine  
  32  3:30  SCV x2  
  34  3:37  Marine  
  35  3:42  SCV x2  
  35  3:43  Marine  
  38  3:49  Refinery  
  38  3:52  Refinery, Siege Tank  
  38  3:54  SCV x2  
  38  3:55  Marine  
  44  4:00  Marine  
  45  4:06  SCV  
  45  4:07  Orbital Command  
  43  4:17  Marine  
  40  4:24  Siege Tank  
  43  4:36  Engineering Bay  
  42  4:46  Marine  
  42  4:47  Marine  
  44  4:57  Siege Tank  
  47  5:04  SCV  
  48  5:12  Supply Depot  
  48  5:13  Supply Depot  
  48  5:14  Supply Depot  
  48  5:15  Supply Depot, Marine  
  48  5:16  Marine  
  50  5:22  Starport  
  50  5:23  Orbital Command  
  46  5:36  Siege Tank, Marine  
  46  5:40  Marine  
  51  5:52  Bunker  
  51  5:55  Bunker  
  51  5:57  Bunker  
  51  6:01  Bunker  
Show
View Real Time Build Order
Export as new Build Order

VankoBG Protoss 

Build Orders: 1 Gate Expand 

Get SALT Encoding   

  12  0:01  Probe  
  13  0:13  Probe  
  14  0:17  Pylon  
  14  0:25  Probe  
  15  0:37  Probe  
  15  0:40  Gateway  
  16  0:47  Assimilator  
  17  0:50  Probe (Chrono Boost)  
  17  1:01  Probe (Chrono Boost)  
  18  1:05  Assimilator  
  18  1:06  Probe (Chrono Boost)  
  19  1:16  Probe  
  20  1:28  Cybernetics Core  
  20  1:42  Nexus  
  20  1:45  Probe (Chrono Boost)  
  21  1:53  Pylon  
  21  1:56  Probe (Chrono Boost)  
  21  2:01  Warp Gate (Chrono Boost)  
  22  2:05  Probe  
  23  2:16  Pylon  
  23  2:22  Twilight Council  
  23  2:32  Gateway  
  23  2:36  Probe  
  24  2:52  Gateway  
  24  2:54  Gateway  
  24  2:57  Probe  
  25  3:01  Probe, Charge (Chrono Boost)  
  26  3:09  Probe  
  27  3:16  Pylon  
  27  3:21  Pylon  
  27  3:23  Probe  
  28  3:32  Probe  
  29  3:35  Probe  
  29  3:36  Shield Battery  
  30  3:44  Probe  
  30  3:47  Probe  
  32  3:52  Gateway  
  32  3:56  Gateway  
  32  4:00  Probe x2  
  34  4:06  Pylon  
  34  4:09  Zealot  
  36  4:12  Probe  
  36  4:15  Zealot  
  39  4:17  Zealot  
  39  4:24  Zealot  
  43  4:34  Zealot  
  45  4:41  Zealot  
  45  4:42  Zealot  
  49  4:46  Zealot x2  
  49  4:52  Pylon  
  53  4:57  Zealot x2  
  58  5:07  Probe x2  
  58  5:10  Zealot x2  
  58  5:11  Zealot x2  
  67  5:17  Gateway  
  67  5:18  Gateway  
  67  5:19  Probe  
  60  5:28  Zealot x2  
  62  5:38  Zealot x4  
  46  5:52  Zealot  
  46  5:53  Zealot  
  50  6:03  Zealot x2  
  50  6:04  Zealot x2  
Show
View Real Time Build Order
Export as new Build Order

ggwpdude Protoss 

Build Orders:  

Get SALT Encoding   

  12  0:01  Probe  
  13  0:13  Probe  
  14  0:25  Probe  
  15  0:30  Pylon  
  15  0:46  Assimilator  
  15  0:50  Gateway  
  15  1:09  Probe (Chrono Boost)  
  17  1:18  Probe (Chrono Boost)  
  17  1:23  Probe (Chrono Boost)  
  18  1:35  Probe  
  18  1:39  Cybernetics Core  
  19  1:41  Pylon  
  19  1:48  Assimilator  
  19  1:49  Probe (Chrono Boost)  
  20  1:58  Pylon, Probe (Chrono Boost)  
  21  2:03  Probe (Chrono Boost)  
  22  2:12  Warp Gate (Chrono Boost)  
  22  2:15  Probe  
  23  2:20  Gateway  
  23  2:22  Gateway  
  23  2:23  Gateway  
  23  2:27  Probe  
  24  2:34  Stalker  
  26  3:15  Pylon  
  26  3:17  Pylon  
  26  3:33  Pylon  
  26  3:35  Pylon  
  26  3:45  Stalker x2  
  26  3:46  Stalker x2  
  34  4:09  Stalker x4  
  38  4:40  Stalker  
  38  4:41  Stalker x3  
  43  5:04  Stalker x2  
  43  5:05  Stalker x2  
  45  6:06  Stalker x4  
Show
View Real Time Build Order
Export as new Build Order

DiNight Protoss 

Build Orders:  

Get SALT Encoding   

  12  0:01  Probe  
  13  0:13  Probe  
  14  0:21  Pylon  
  14  0:26  Probe  
  15  0:39  Probe (Chrono Boost)  
  15  0:42  Gateway  
  16  0:47  Assimilator  
  17  0:51  Probe (Chrono Boost)  
  17  0:56  Probe (Chrono Boost)  
  18  1:09  Probe  
  19  1:13  Assimilator  
  19  1:16  Pylon  
  19  1:21  Probe  
  20  1:31  Cybernetics Core  
  20  1:33  Probe (Chrono Boost)  
  21  1:45  Probe (Chrono Boost)  
  21  1:46  Zealot  
  24  1:49  Probe (Chrono Boost)  
  24  1:53  Gateway  
  25  1:59  Probe  
  26  2:04  Warp Gate (Chrono Boost)  
  26  2:11  Probe  
  27  2:16  Stalker  
  27  2:19  Shield Battery  
  29  2:43  Stalker  
  31  3:02  Pylon  
  31  3:06  Gateway  
  31  3:08  Pylon  
  31  3:17  Pylon  
  31  3:20  Stalker x2  
  35  3:36  Gateway  
  35  3:42  Twilight Council  
  37  3:57  Stalker x2  
  37  4:01  Stalker  
  41  4:03  Pylon  
  41  4:24  Stalker x3  
  47  4:39  Sentry  
  39  5:03  Stalker x4  
  47  5:28  Stalker x4  
  55  5:51  Stalker x4  
Show
View Real Time Build Order
Export as new Build Order

Ivanilla Terran 

Build Orders: 2 Factory, Cyclone Opening 

Get SALT Encoding   

  12  0:00  SCV  
  13  0:12  SCV  
  14  0:17  Supply Depot  
  14  0:24  SCV  
  15  0:31  Refinery  
  15  0:38  SCV  
  16  0:46  Barracks  
  16  0:50  SCV  
  16  0:55  Refinery  
  17  1:03  SCV  
  18  1:15  SCV  
  19  1:33  Factory, Orbital Command  
  19  1:36  Barracks Tech Lab  
  19  1:46  Supply Depot  
  19  2:01  SCV  
  19  2:07  Barracks Tech Lab  
  20  2:13  SCV  
  21  2:22  Cyclone  
  24  2:23  Mag-Field Accelerator  
  24  2:25  SCV  
  25  2:31  Factory  
  25  2:38  SCV  
  25  2:54  Cyclone  
  25  2:57  SCV  
  29  3:05  Supply Depot  
  29  3:12  SCV  
  29  3:28  Command Center  
  28  3:34  Cyclone  
  28  3:40  Cyclone  
  34  3:43  SCV  
  36  3:55  SCV  
  36  3:59  Supply Depot  
  36  4:07  SCV  
  37  4:19  SCV  
  37  4:21  Cyclone x2  
  44  4:32  SCV  
  45  4:43  Orbital Command  
  45  4:44  SCV  
  46  4:57  SCV, Cyclone  
  46  4:58  Cyclone  
  53  5:09  SCV x2  
  56  5:21  SCV x2  
  56  5:23  Command Center  
  57  5:30  Cyclone  
  57  5:33  SCV x2  
  62  5:50  Supply Depot x2  
  62  5:53  Supply Depot  
Show
View Real Time Build Order
Export as new Build Order

Rigel Zerg 

Build Orders: Hatch First 

Get SALT Encoding   

  12  0:01  Drone  
  13  0:16  Overlord  
  13  0:17  Drone  
  14  0:34  Drone x2  
  16  0:38  Drone  
  17  0:58  Hatchery  
  17  1:00  Drone  
  17  1:01  Drone  
  18  1:05  Extractor  
  17  1:15  Spawning Pool  
  17  1:17  Drone  
  17  1:21  Drone  
  18  1:31  Drone  
  19  1:47  Evolution Chamber  
  19  1:48  Drone  
  19  1:55  Drone  
  20  2:04  Queen  
  20  2:06  Overlord  
  22  2:13  Zerg Melee Weapons Level 1  
  23  2:15  Drone  
  23  2:17  Drone  
  23  2:21  Queen  
  26  2:26  Zergling x2  
  27  2:31  Zergling x2  
  27  2:32  Zergling x2  
  29  2:37  Zergling x2  
  30  2:45  Zergling x2  
  31  2:55  Zergling x4  
  33  3:00  Zergling x2  
  33  3:04  Zergling x2  
  35  3:12  Overlord  
  35  3:23  Zergling x2  
  36  3:29  Overlord  
  36  3:30  Metabolic Boost  
  36  3:46  Zergling x6  
  36  3:47  Zergling x6  
  36  3:48  Zergling x8  
  46  3:53  Zergling x2  
  47  4:01  Zergling x2  
  47  4:02  Zergling x2  
  49  4:04  Zergling x4  
  49  4:06  Zergling x2  
  52  4:23  Overlord x3  
  52  4:52  Zergling x6  
  54  4:53  Zergling x6  
  57  5:07  Zergling x8  
  56  5:10  Zergling x4  
  54  5:23  Zergling x2  
  54  5:25  Zergling x2  
  54  5:26  Zergling x4  
  46  5:35  Zergling x2  
  46  5:38  Zergling x2  
  46  5:39  Zergling x4  
  46  5:48  Zergling x2  
Tags
 
Add a new tag
Caveats
  • Supply blocks, unpowered buildings, or Contaminate may cause inaccurate times.
  • Supply counts are checked every 10 seconds.